[Event "Early-Titled-Tuesday-Blitz-January-30-2024"]
[Site "Chess.com"]
[Date "2024.01.30"]
[Round "4"]
[White "VitaliyBernadskiy"]
[Black "Maxfan2008"]
[Result "1-0"]
[WhiteElo "2920"]
[BlackElo "2506"]
[TimeControl "180+1"]
[EndTime "8:37:25 PST"]
[Termination "VitaliyBernadskiy won by resignation"]

1. e4 c5 2. Nc3 e6 3. Nf3 Nc6 4. Bb5 Nd4 5. O-O Nxb5 6. Nxb5 a6 7. Nc3 b5 8. d4 cxd4 9. Qxd4 Ne7 10. Bf4 Nc6 11. Qe3 Be7 12. Nd5 O-O 13. Nxe7+ Qxe7 14. Rad1 e5 15. Bg3 f6 16. c3 Bb7 17. Nh4 Qe6 18.
Nf5 Rad8 19. Nd6 Ba8 20. b3 Ne7 21. Qa7 Bc6 22. Qc5 h6 23. f3 Nc8 24. Bf2 Nxd6 25.
Rxd6 Qe7 26. Rxc6 Qxc5 27. Rxc5 d6 28. Rc6 Rc8 29. Rxc8 Rxc8 30. Rc1 Kf7 31. Kf1 Ke7 32. c4 bxc4 33. Rxc4 Rxc4 34. bxc4 g6 35. Ke2 Kd7 36.
Kd3 Kc6 37. Kc3 a5 38. Kb3 Kb7 39. Ka4 Ka6 40. Be1 1-0

[Event "Early-Titled-Tuesday-Blitz-January-30-2024"]
[Site "Chess.com"]
[Date "2024.01.30"]
[Round "4"]
[White "Horokoskii"]
[Black "m_ezat"]
[Result "0-1"]
[WhiteElo "2152"]
[BlackElo "2476"]
[TimeControl "180+1"]
[EndTime "8:37:25 PST"]
[Termination "m_ezat won by resignation"]

1. c4 e5 2. Nc3 Nf6 3. Nf3 e4 4. Nd4 Nc6 5. Nxc6 bxc6 6. g3 d5 7. cxd5 cxd5 8. Bg2 c6 9. O-O h5 10. d3 exd3 11. Qxd3 h4 12. Bg5 hxg3 13. fxg3 Bc5+ 14.
e3 Be7 15. Rae1 Ng4 16. Bxe7 Qxe7 17. h3 Ne5 18. Qd4 Bxh3 19. e4 Bxg2 20. exd5 Nf3+ 21. Kf2 Nxd4 22. Rxe7+ Kxe7 0-1

[Event "Early-Titled-Tuesday-Blitz-January-30-2024"]
[Site "Chess.com"]
[Date "2024.01.30"]
[Round "4"]
[White "Glidzhian_Gor"]
[Black "WiktoriaPOL"]
[Result "1-0"]
[WhiteElo "2579"]
[BlackElo "2247"]
[TimeControl "180+1"]
[EndTime "8:37:26 PST"]
[Termination "Glidzhian_Gor won by checkmate"]

1. e4 c5 2. d4 cxd4 3. c3 Nf6 4.
e5 Nd5 5. Nf3 Nc6 6. cxd4 d6 7.
Nc3 e6 8. Nxd5 exd5 9. Bd3 dxe5 10. Nxe5 Nxe5 11. dxe5 Bb4+ 12. Bd2 Bxd2+ 13. Qxd2 O-O 14. O-O Qe7 15. f4 Qc5+ 16. Kh1 b6 17. f5 Re8 18. Rae1 d4 19. f6 Bb7 20. Qg5 Qf8 21. e6 Rxe6 22.
Rxe6 fxe6 23. Bxh7+ Kh8 24. Bg6 gxf6 25. Qh5+ Kg7 26.
Qh7# 1-0

[Event "Early-Titled-Tuesday-Blitz-January-30-2024"]
[Site "Chess.com"]
[Date "2024.01.30"]
[Round "4"]
[White "Aygehovit1992"]
[Black "korkmaz16"]
[Result "1-0"]
[WhiteElo "2692"]
[BlackElo "2458"]
[TimeControl "180+1"]
[EndTime "8:37:34 PST"]
[Termination "Aygehovit1992 won by resignation"]

1. e4 e6 2. d4 d5 3. Nc3 Nf6 4. Bg5 Be7 5. e5 Nfd7 6. h4 Bxg5 7.
hxg5 Qxg5 8. Nh3 Qe7 9. Qg4 f5 10. Qg3 Nc6 11. O-O-O Nf8 12. Nf4 Bd7 13. Nfxd5 exd5 14.
Nxd5 Qf7 15. Nxc7+ Kd8 16. Nxa8 Qxa2 17. Qxg7 Rg8 18.
Qf6+ Kc8 19. Qd6 Ne6 20. Rxh7 Rd8 21. Qa3 Qxa3 22. bxa3 Ncxd4 23. Bc4 Kb8 24. c3 Rc8 25.
Rxd7 Rxc4 26. R1xd4 Nxd4 27. Rd8+ Rc8 28. Rxc8+ Kxc8 29.
cxd4 1-0

[Event "Early-Titled-Tuesday-Blitz-January-30-2024"]
[Site "Chess.com"]
[Date "2024.01.30"]
[Round "4"]
[White "GrotBchess"]
[Black "Irishchessman16"]
[Result "0-1"]
[WhiteElo "2297"]
[BlackElo "2518"]
[TimeControl "180+1"]
[EndTime "8:37:45 PST"]
[Termination "Irishchessman16 won on time"]

1. e4 c5 2. Nf3 Nc6 3. d4 cxd4 4. Nxd4 Nf6 5. Nc3 h5 6. h3 g6 7. Be2 Bg7 8. Be3 d6 9. O-O Nxd4 10. Bxd4 O-O 11.
f4 a6 0-1

[Event "Early-Titled-Tuesday-Blitz-January-30-2024"]
[Site "Chess.com"]
[Date "2024.01.30"]
[Round "4"]
[White "amintabatabaei"]
[Black "DeArron_Fox"]
[Result "1-0"]
[WhiteElo "2931"]
[BlackElo "2460"]
[TimeControl "180+1"]
[EndTime "8:37:48 PST"]
[Termination "amintabatabaei won on time"]

1. g4 d5 2. h3 e5 3. Bg2 h5 4. gxh5 Nf6 5. d4 exd4 6. Qxd4 Nc6 7. Qe3+ Be6 8. Nf3 d4 9. Qd2 Bb4 10. c3 dxc3 11. Nxc3 Qxd2+ 12. Bxd2 Rxh5 13. a3 Ba5 14. b4 Bb6 15. Na4 Bd5 16. Nxb6 axb6 17. O-O Bxf3 18.
exf3 O-O-O 19. Be3 Nd5 20. f4 Nxe3 21. fxe3 g5 22. Bf3 Rxh3 23. Bg4+ 1-0

[Event "Early-Titled-Tuesday-Blitz-January-30-2024"]
[Site "Chess.com"]
[Date "2024.01.30"]
[Round "4"]
[White "SahibSinghKnight"]
[Black "margarita_2703"]
[Result "1-0"]
[WhiteElo "2662"]
[BlackElo "2335"]
[TimeControl "180+1"]
[EndTime "8:38:01 PST"]
[Termination "SahibSinghKnight won by resignation"]

1. e4 e5 2. Nf3 Nc6 3. Bb5 a6 4. Ba4 Nf6 5. O-O Nxe4 6. d4 b5 7. Bb3 d5 8. dxe5 Be6 9. Nbd2 Nc5 10.
c3 d4 11. Bxe6 Nxe6 12. Ne4 Qd5 13. Neg5 O-O-O 14. Nxf7 Bc5 15. Nxh8 Rxh8 16. b4 Bb6 17. a4 Nxe5 18. axb5 Rf8 19. Nxe5 Qxe5 20. c4 axb5 21.
c5 Bxc5 22. bxc5 Nxc5 23. Ra8+ 1-0

[Event "Early-Titled-Tuesday-Blitz-January-30-2024"]
[Site "Chess.com"]
[Date "2024.01.30"]
[Round "4"]
[White "yuriydovzik"]
[Black "Muslim_player_05"]
[Result "0-1"]
[WhiteElo "2210"]
[BlackElo "2497"]
[TimeControl "180+1"]
[EndTime "8:38:01 PST"]
[Termination "Muslim_player_05 won by checkmate"]

1. f4 d5 2. Nf3 g6 3. d3 Bg7 4. g3 Nf6 5. Bg2 O-O 6. O-O b6 7. c3 Bb7 8. h3 Nbd7 9. Kh2 Re8 10. Nbd2 e5 11. fxe5 Nxe5 12. Nxe5 Rxe5 13. Nf3 Re7 14. Bg5 h6 15. Bd2 Qd7 16. Rf2 Nh5 17. Bh1 Rae8 18.
Qe1 Qd6 19. Rg2 Rxe2 20. Rxe2 Rxe2+ 21. Qxe2 Qxg3# 0-1

[Event "Early-Titled-Tuesday-Blitz-January-30-2024"]
[Site "Chess.com"]
[Date "2024.01.30"]
[Round "4"]
[White "Barmen_EV"]
[Black "stratacticos"]
[Result "1-0"]
[WhiteElo "2468"]
[BlackElo "2050"]
[TimeControl "180+1"]
[EndTime "8:38:02 PST"]
[Termination "Barmen_EV won by resignation"]

1. e4 c5 2. Nf3 Nc6 3. c3 Nf6 4. e5 Nd5 5. d4 cxd4 6. cxd4 d6 7. Bc4 Nb6 8. Bxf7+ Kxf7 9. e6+ Kg8 10. d5 Nxd5 11. Qxd5 Qa5+ 12. Nc3 Qxd5 13. Nxd5 Rb8 14. Nf4 Nd8 15.
Nd4 g6 16. O-O Bg7 17. Be3 g5 18. Nd5 Nxe6 19. Nf5 h6 20. Ndxe7+ Kf7 21. Nxc8 Rhxc8 22. Nxd6+ Kg6 23. Nxc8 Rxc8 24. Rac1 Rxc1 25. Rxc1 Bxb2 26. Rb1 1-0

[Event "Early-Titled-Tuesday-Blitz-January-30-2024"]
[Site "Chess.com"]
[Date "2024.01.30"]
[Round "4"]
[White "Nekoo04"]
[Black "Elprofessor21"]
[Result "0-1"]
[WhiteElo "2401"]
[BlackElo "2680"]
[TimeControl "180+1"]
[EndTime "8:38:05 PST"]
[Termination "Elprofessor21 won by resignation"]

1. d4 d5 2. c4 dxc4 3. Nf3 Nf6 4. e3 e6 5. Bxc4 a6 6. O-O Nbd7 7. Qe2 b5 8. Bb3 c5 9. Rd1 c4 10. Bc2 Bb7 11. e4 Be7 12. d5 exd5 13. e5 Ne4 14. e6 fxe6 15. Bxe4 dxe4 16. Nd4 Qb6 17. Qg4 O-O 18. Be3 Ne5 19. Nxe6 Nxg4 20. Bxb6 Rf6 21. Nc7 Rxb6 22. Nxa8 Bxa8 23. Nc3 e3 24. fxe3 Rg6 25. e4 Bc5+ 0-1

[Event "Early-Titled-Tuesday-Blitz-January-30-2024"]
[Site "Chess.com"]
[Date "2024.01.30"]
[Round "4"]
[White "claudyna16"]
[Black "ahkashefi2800"]
[Result "0-1"]
[WhiteElo "2339"]
[BlackElo "2542"]
[TimeControl "180+1"]
[EndTime "8:38:18 PST"]
[Termination "ahkashefi2800 won by resignation"]

1. c4 c6 2. g3 d5 3. Bg2 Nf6 4. b3 e5 5. Bb2 Bd6 6. e3 O-O 7. Ne2 Bf5 8. h3 Bd3 9. cxd5 Nxd5 10. a3 Nd7 11. Nc1 Ba6 12. d3 f5 13. O-O f4 14.
exf4 exf4 15. g4 f3 16. Bxf3 Qh4 17. Bg2 Nf4 18. Qf3 Ne5 19. Qg3 Neg6 20. Qxh4 Nxh4 21. Be4 Nxh3+ 22. Kh1 Nxf2+ 23. Rxf2 Rxf2 24. Nd2 Rxd2 0-1

[Event "Early-Titled-Tuesday-Blitz-January-30-2024"]
[Site "Chess.com"]
[Date "2024.01.30"]
[Round "4"]
[White "ErikRonka"]
[Black "Viktor_Poddubnyi"]
[Result "1-0"]
[WhiteElo "2481"]
[BlackElo "2316"]
[TimeControl "180+1"]
[EndTime "8:38:18 PST"]
[Termination "ErikRonka won by resignation"]

1. e4 g6 2. d4 Bg7 3. Nf3 d6 4. Bc4 Nf6 5. Qe2 Nc6 6. O-O d5 7. exd5 Nxd5 8. c3 O-O 9. Bg5 h6 10. Bh4 Be6 11. Bg3 Qd7 12. Nbd2 f6 13. Ne4 b6 14.
Rfe1 Bf7 15. Rad1 Rad8 16. Bb5 Be8 17. c4 1-0

[Event "Early-Titled-Tuesday-Blitz-January-30-2024"]
[Site "Chess.com"]
[Date "2024.01.30"]
[Round "4"]
[White "SujanaLohani"]
[Black "Roosters19"]
[Result "0-1"]
[WhiteElo "2001"]
[BlackElo "2311"]
[TimeControl "180+1"]
[EndTime "8:38:20 PST"]
[Termination "Roosters19 won by resignation"]

1. d4 Nf6 2. Nf3 g6 3. c4 Bg7 4. g3 c5 5. Bg2 cxd4 6. Nc3 dxc3 7. bxc3 Nc6 8. O-O O-O 9. Nd4 d6 10. e3 Bd7 11. Ba3 Rb8 12. Rb1 Ne5 13. Qe2 Qc7 14.
Rb4 a5 15. Rb3 Qxc4 16. Qxc4 Nxc4 17. Rfb1 Nd2 18. Rxb7 Nxb1 0-1

[Event "Early-Titled-Tuesday-Blitz-January-30-2024"]
[Site "Chess.com"]
[Date "2024.01.30"]
[Round "4"]
[White "nihalsarin"]
[Black "GP9isback23"]
[Result "1-0"]
[WhiteElo "3167"]
[BlackElo "2635"]
[TimeControl "180+1"]
[EndTime "8:38:23 PST"]
[Termination "nihalsarin won by resignation"]

1. d4 Nf6 2. c4 e6 3. Nf3 b6 4. a3 Bb7 5. Nc3 d5 6. cxd5 exd5 7.
Bg5 Be7 8. e3 Nbd7 9. Bd3 O-O 10. O-O Ne4 11. Bxe7 Qxe7 12. Rc1 c5 13. dxc5 Ndxc5 14. Be2 Rad8 15. Nd4 Rfe8 16. b4 Ne6 17. Ncb5 a6 18.
Nxe6 fxe6 19. Nc7 Rf8 20. Nxa6 Qh4 21. f3 Nd6 22. Nc7 Qh6 23. Qd4 Nf5 24. Qxb6 Qxe3+ 25. Qxe3 Nxe3 26. Nxe6 Nxf1 27. Nxd8 Rxd8 28. Kxf1 1-0

[Event "Early-Titled-Tuesday-Blitz-January-30-2024"]
[Site "Chess.com"]
[Date "2024.01.30"]
[Round "4"]
[White "anasta10"]
[Black "Karina_Ivanova"]
[Result "1-0"]
[WhiteElo "2514"]
[BlackElo "2288"]
[TimeControl "180+1"]
[EndTime "8:38:23 PST"]
[Termination "anasta10 won by resignation"]

1. Nf3 Nf6 2. c4 c5 3. g3 b6 4. Bg2 Bb7 5. O-O e6 6. b3 Be7 7.
Bb2 O-O 8. Nc3 d5 9. Ne5 Nbd7 10.
Nb5 a6 11. Na3 Nxe5 12. Bxe5 Qd7 13. d3 d4 14. Bxf6 Bxf6 15. Nc2 e5 16. Bxb7 Qxb7 17. f3 Be7 18. Qd2 f5 19. b4 Rab8 20. Rab1 Qc6 21. bxc5 bxc5 22. Qa5 Bd6 23. Rb3 Bc7 24. Qa3 Rxb3 25.
axb3 e4 26. fxe4 fxe4 27. Rxf8+ Kxf8 28. Nxd4 Qd6 29. Qxc5 1-0

[Event "Early-Titled-Tuesday-Blitz-January-30-2024"]
[Site "Chess.com"]
[Date "2024.01.30"]
[Round "4"]
[White "mbojan"]
[Black "Polish_fighter3000"]
[Result "0-1"]
[WhiteElo "2873"]
[BlackElo "3058"]
[TimeControl "180+1"]
[EndTime "8:38:26 PST"]
[Termination "Polish_fighter3000 won on time"]

1. e4 c5 2. Nf3 d6 3. d4 cxd4 4.
Nxd4 Nf6 5. Nc3 a6 6. Be2 g6 7. Be3 Nc6 8. Qd2 h5 9. O-O-O Bd7 10. f4 Bg7 11. Bf3 Rc8 12. Nxc6 Bxc6 13. e5 dxe5 14. Qxd8+ Rxd8 15. Rxd8+ Kxd8 16. fxe5 Ng4 17. Bb6+ Kd7 18. Rd1+ Ke6 19. Nd5 Bxe5 20. Re1 Bxd5 0-1

[Event "Early-Titled-Tuesday-Blitz-January-30-2024"]
[Site "Chess.com"]
[Date "2024.01.30"]
[Round "4"]
[White "PushingpawnsNYC"]
[Black "arnash_bauyrzhan"]
[Result "0-1"]
[WhiteElo "2406"]
[BlackElo "2210"]
[TimeControl "180+1"]
[EndTime "8:38:26 PST"]
[Termination "arnash_bauyrzhan won by checkmate"]

1. e4 c5 2. Nc3 Nc6 3. Bb5 Nd4 4. Nf3 a6 5. Bd3 d6 6. h3 Nf6 7. O-O e5 8. Re1 Be7 9. Nxd4 cxd4 10. Ne2 b5 11. c3 dxc3 12. dxc3 O-O 13. Ng3 Be6 14. f4 Qc7 15. Be3 Rfd8 16. Qf3 Bc4 17. Bc2 Rac8 18. a4 b4 19. cxb4 d5 20. fxe5 Qxe5 21. exd5 Qxb2 22. Bf5 Bxd5 23. Qf4 Qxg2# 0-1

[Event "Early-Titled-Tuesday-Blitz-January-30-2024"]
[Site "Chess.com"]
[Date "2024.01.30"]
[Round "4"]
[White "NelsonLinda"]
[Black "Doublekk14"]
[Result "1-0"]
[WhiteElo "2588"]
[BlackElo "2261"]
[TimeControl "180+1"]
[EndTime "8:38:30 PST"]
[Termination "NelsonLinda won on time"]

1. b3 e5 2. Bb2 Nc6 3. e3 d6 4. Nf3 Nf6 5. d4 e4 6. Ng1 d5 7. Ne2 Bg4 8. Qd2 h5 9. Ba3 Bxa3 10. Nxa3 Qe7 11. Nb5 a6 12. Nbc3 h4 13. h3 Bf5 14.
Na4 Qb4 15. Qxb4 Nxb4 16. Kd2 1-0

[Event "Early-Titled-Tuesday-Blitz-January-30-2024"]
[Site "Chess.com"]
[Date "2024.01.30"]
[Round "4"]
[White "vasblesk"]
[Black "aksuliini1"]
[Result "1-0"]
[WhiteElo "2767"]
[BlackElo "2527"]
[TimeControl "180+1"]
[EndTime "8:38:37 PST"]
[Termination "vasblesk won by resignation"]

1. d4 Nf6 2. c4 e6 3. g3 d5 4. Bg2 dxc4 5. Nf3 a6 6. Ne5 Bb4+ 7. Nc3 Nd5 8. O-O b5 9. Nxd5 exd5 10. Nxc4 O-O 11. Ne5 Bb7 12. Bf4 Bd6 13. Rc1 Nd7 14. Nc6 Bxc6 15. Bxd6 cxd6 16. Rxc6 Nf6 17. Qb3 Qe7 18. e3 Qe6 19. Rfc1 h5 20. h4 Ra7 21. Qa3 Ne4 22. Bxe4 dxe4 23. Qxd6 Qxa2 24. Rc8 Rxc8 25. Rxc8+ Kh7 26. Qc5 1-0

[Event "Early-Titled-Tuesday-Blitz-January-30-2024"]
[Site "Chess.com"]
[Date "2024.01.30"]
[Round "4"]
[White "MoreChessJulia"]
[Black "HajiyevKanan"]
[Result "0-1"]
[WhiteElo "2163"]
[BlackElo "2579"]
[TimeControl "180+1"]
[EndTime "8:38:43 PST"]
[Termination "HajiyevKanan won by resignation"]

1. d4 c6 2. c4 d5 3. Nf3 Nf6 4. e3 Bg4 5. h3 Bh5 6. g4 Bg6 7. Nc3 e6 8. Ne5 Nfd7 9. h4 Nxe5 10. dxe5 h5 11. Be2 hxg4 12. Bxg4 Rxh4 13. Rxh4 Qxh4 14. Qf3 Bb4 15. Bd2 Bxc3 16. Bxc3 Be4 17. Qe2 Qh1+ 18. Qf1 Qxf1+ 19. Kxf1 Bd3+ 20. Be2 Bxc4 21. Bxc4 dxc4 22. Ke2 Nd7 23. Rh1 O-O-O 24. Rh7 Rg8 25. f4 b5 26. a3 Nb6 27. Bb4 Nd5 28. Bd6 a5 29. Kf3 Kd7 30.
e4 Ne7 31. Kg4 Ng6 32. f5 Ne7 33. Kf4 exf5 34. exf5 b4 35. Bxe7 Kxe7 36. Rxg7 Rxg7 37. f6+ Kf8 38. fxg7+ Kxg7 39. axb4 axb4 40. Ke4 c3 41.
bxc3 bxc3 42. Kd3 Kg6 43. Kxc3 Kf5 44. Kd4 Ke6 45. Ke4 c5 46. Kf4 Kd5 0-1

[Event "Early-Titled-Tuesday-Blitz-January-30-2024"]
[Site "Chess.com"]
[Date "2024.01.30"]
[Round "4"]
[White "Shodikulov_Jamshid1990"]
[Black "bazar-wokzal"]
[Result "1/2-1/2"]
[WhiteElo "2402"]
[BlackElo "2588"]
[TimeControl "180+1"]
[EndTime "8:38:47 PST"]
[Termination "Game drawn by repetition"]

1. e4 Nc6 2. Nf3 d5 3. exd5 Qxd5 4. Nc3 Qa5 5. d4 Bg4 6. d5 O-O-O 7. Bd2 Nb4 8. Bc4 Bxf3 9. gxf3 Nf6 10. a3 Qc5 11.
axb4 Qxc4 12. Rxa7 Nxd5 13. Ra8+ Kd7 14. Rxd8+ Kxd8 15. b3 Qc6 16. O-O Qg6+ 17. Kh1 e6 18. Nxd5 exd5 19.
Bf4 c6 20. b5 Bd6 21. Bg3 h5 22. bxc6 bxc6 23. Qd4 Bxg3 24. hxg3 Qf6 25. Qb6+ Kd7 26.
Kg2 h4 27. Qb7+ Kd6 28. Qb4+ Kd7 29. Qb7+ Kd6 30. Qb4+ Kd7 31. Qb7+ 1/2-1/2

[Event "Early-Titled-Tuesday-Blitz-January-30-2024"]
[Site "Chess.com"]
[Date "2024.01.30"]
[Round "4"]
[White "LeoLV10"]
[Black "ChessSkool"]
[Result "0-1"]
[WhiteElo "2451"]
[BlackElo "2689"]
[TimeControl "180+1"]
[EndTime "8:38:48 PST"]
[Termination "ChessSkool won by resignation"]

1. e4 c6 2. d4 d5 3. e5 Bf5 4. h4 h5 5. Bd3 Bxd3 6. Qxd3 Qa5+ 7. Nd2 e6 8. Nf3 Nh6 9. O-O Nf5 10. c4 Be7 11. g3 O-O 12. b3 Rd8 13. Bb2 c5 14.
cxd5 Rxd5 15. Nc4 Qa6 16. Qe4 cxd4 17. Nxd4 Nxd4 18. Bxd4 Nc6 19. Bc3 Rad8 20. Qf3 Rd3 21. Qxh5 Rxc3 22. Ne3 g6 23. Qh6 Nxe5 24. h5 Bg5 0-1

[Event "Early-Titled-Tuesday-Blitz-January-30-2024"]
[Site "Chess.com"]
[Date "2024.01.30"]
[Round "4"]
[White "SHIVACalypso"]
[Black "Ginger_GM"]
[Result "0-1"]
[WhiteElo "2445"]
[BlackElo "2685"]
[TimeControl "180+1"]
[EndTime "8:38:53 PST"]
[Termination "Ginger_GM won by resignation"]

1. Nf3 f5 2. c4 Nf6 3. g3 d6 4.
Bg2 e5 5. d3 Be7 6. O-O O-O 7.
Nc3 Qe8 8. b4 Qh5 9. a4 f4 10. Nd5 Nxd5 11. cxd5 Bh3 12. Qc2 Bd8 13. d4 Bf5 14. Qc3 e4 15. Nd2 Qxe2 16. Nxe4 Bxe4 17. Re1 Qd3 18. Bb2 Qxc3 19. Bxc3 Bxg2 20. Kxg2 f3+ 21.
Kh3 Nd7 22. g4 Nf6 23. Bd2 Nxd5 24. Kg3 Bf6 25. Re4 Rae8 26. Rae1 Rxe4 27. Rxe4 Bd8 28. h4 h6 29. b5 c6 30. Re6 Kf7 31. Re4 Re8 32.
Kxf3 Rxe4 33. Kxe4 Bxh4 34. f3 g5 35. Bc1 Ke6 36. Ba3 Nf6+ 37. Kd3 Kd5 38. Bb4 Nd7 39. Ba5 Nf8 40. Bc7 Ne6 41. Bb8 a6 0-1

[Event "Early-Titled-Tuesday-Blitz-January-30-2024"]
[Site "Chess.com"]
[Date "2024.01.30"]
[Round "4"]
[White "Djager97"]
[Black "GMKrikor"]
[Result "0-1"]
[WhiteElo "2568"]
[BlackElo "2794"]
[TimeControl "180+1"]
[EndTime "8:38:59 PST"]
[Termination "GMKrikor won by resignation"]

1. e4 e6 2. d4 d5 3. Nc3 Nf6 4.
Bg5 dxe4 5. Nxe4 Be7 6. Bxf6 gxf6 7. Nf3 f5 8. Nc3 a6 9. g3 b5 10. Bg2 Bb7 11. O-O O-O 12. Re1 c5 13. d5 b4 14.
dxe6 bxc3 15. exf7+ Rxf7 16. Qxd8+ Bxd8 17. Re8+ Rf8 18. Rxf8+ Kxf8 19. bxc3 Bf6 20. Rb1 Be4 21. c4 Nd7 22. Rd1 Ke7 23. Ne1 Ne5 24. Bxe4 fxe4 25. Rd5 Rd8 26. Rxc5 Rd1 0-1

[Event "Early-Titled-Tuesday-Blitz-January-30-2024"]
[Site "Chess.com"]
[Date "2024.01.30"]
[Round "4"]
[White "hsd2016"]
[Black "gahryman"]
[Result "0-1"]
[WhiteElo "2310"]
[BlackElo "2660"]
[TimeControl "180+1"]
[EndTime "8:39:02 PST"]
[Termination "gahryman won by resignation"]

1. e4 c5 2. Nf3 Nc6 3. d4 cxd4 4. Nxd4 e5 5. Nb5 d6 6. N1c3 a6 7. Na3 Be7 8. Be3 Nf6 9. Nc4 b5 10. Nb6 Rb8 11. Nxc8 Qxc8 12. f3 O-O 13. a3 Bd8 14.
Qxd6 Nd4 15. Bd3 Bb6 16. Bg5 Bc7 17. Qc5 Ne6 18. Qe3 Bb6 19. Qxb6 Rxb6 0-1

[Event "Early-Titled-Tuesday-Blitz-January-30-2024"]
[Site "Chess.com"]
[Date "2024.01.30"]
[Round "4"]
[White "Alenzer"]
[Black "Brahianzevich"]
[Result "0-1"]
[WhiteElo "2132"]
[BlackElo "2368"]
[TimeControl "180+1"]
[EndTime "8:39:02 PST"]
[Termination "Brahianzevich won by checkmate"]

1. e4 c5 2. Nf3 d6 3. c3 Nf6 4.
h3 Nc6 5. Bd3 g5 6. Bc2 g4 7.
hxg4 Bxg4 8. Qe2 Qa5 9. Na3 O-O-O 10. Nc4 Qc7 11. a4 Bg7 12. a5 e6 13. d3 d5 14. Ne3 Bh5 15. exd5 exd5 16. O-O Rhe8 17.
Qd2 Bxf3 18. gxf3 Bh6 19. d4 Rg8+ 20. Kh1 Qf4 21. Ng2 Qxf3 22. Qxh6 Qxg2# 0-1

[Event "Early-Titled-Tuesday-Blitz-January-30-2024"]
[Site "Chess.com"]
[Date "2024.01.30"]
[Round "4"]
[White "Adar_07"]
[Black "VeraVujovic"]
[Result "1-0"]
[WhiteElo "2649"]
[BlackElo "2263"]
[TimeControl "180+1"]
[EndTime "8:39:05 PST"]
[Termination "Adar_07 won by resignation"]

1. e4 e5 2. Nf3 Nf6 3. Nxe5 d6 4. Nf3 Nxe4 5. Nc3 Nxc3 6. dxc3 Be7 7. Be3 O-O 8. Qd2 Re8 9. O-O-O Nc6 10. Bd3 Ne5 11.
Be4 Nxf3 12. gxf3 c6 13. c4 Be6 14. Qd3 g6 15. h4 f5 16. h5 fxe4 17. fxe4 g5 18.
h6 Bf7 19. c5 d5 20. exd5 cxd5 21. Rhg1 Kh8 22. f4 Bg6 23. Qc3+ Bf6 24. Bd4 Kg8 25. Bxf6 Qc7 26. Bxg5 Re4 27. f5 Rc4 28. Qd3 Bh5 29. Bd8+ Kf8 30. Bxc7 1-0

[Event "Early-Titled-Tuesday-Blitz-January-30-2024"]
[Site "Chess.com"]
[Date "2024.01.30"]
[Round "4"]
[White "Flaccidmoves"]
[Black "Sam_ChessMood"]
[Result "0-1"]
[WhiteElo "2460"]
[BlackElo "2902"]
[TimeControl "180+1"]
[EndTime "8:39:07 PST"]
[Termination "Sam_ChessMood won by resignation"]

1. d4 Nf6 2. c4 e6 3. g3 d5 4.
Bg2 Be7 5. Nf3 O-O 6. O-O dxc4 7.
Qc2 a6 8. Qxc4 b5 9. Qc2 Bb7 10. Bd2 Be4 11. Qc1 c6 12. Nc3 Bxf3 13. Bxf3 Qxd4 14.
Rd1 Qb6 15. Be3 Qb7 16. a4 Nd5 17. Bd2 Nd7 18. e4 Nb4 19. Bf4 Nc5 20. Qe3 Nc2 21. Qe2 Nxa1 22. Rxa1 b4 23. Nd1 Nb3 24. Rb1 Nd4 25. Qe3 c5 26. Bg2 Rad8 27. e5 Qd7 28. Be4 Qxa4 29. h4 Qb3 30. Qxb3 Nxb3 31. Ne3 Nd2 0-1

[Event "Early-Titled-Tuesday-Blitz-January-30-2024"]
[Site "Chess.com"]
[Date "2024.01.30"]
[Round "4"]
[White "Jojo_898"]
[Black "Mikhail_Golubev"]
[Result "0-1"]
[WhiteElo "2447"]
[BlackElo "2687"]
[TimeControl "180+1"]
[EndTime "8:39:11 PST"]
[Termination "Mikhail_Golubev won on time"]

1. e4 c5 2. Nf3 d6 3. c3 Nf6 4. Bd3 g6 5. O-O Bg7 6. h3 O-O 7. Bc2 Nc6 8. a3 c4 9. Qe2 d5 10. e5 Nd7 11. e6 Nc5 12. exf7+ Rxf7 13. d3 cxd3 14. Bxd3 Nxd3 15. Qxd3 e5 16. Qd1 h6 17. Be3 Be6 18. Re1 Qd7 19. a4 d4 0-1

[Event "Early-Titled-Tuesday-Blitz-January-30-2024"]
[Site "Chess.com"]
[Date "2024.01.30"]
[Round "4"]
[White "Manukyan_Artak"]
[Black "Cayse"]
[Result "1-0"]
[WhiteElo "2619"]
[BlackElo "2836"]
[TimeControl "180+1"]
[EndTime "8:39:14 PST"]
[Termination "Manukyan_Artak won by resignation"]

1. e4 e5 2. Nf3 Nc6 3. d4 exd4 4. Nxd4 Nf6 5. Nxc6 bxc6 6. e5 Qe7 7. Qe2 Nd5 8. c4 Ba6 9. b3 g6 10. g3 Bg7 11.
Bb2 O-O 12. Bg2 Rae8 13. O-O Bxe5 14. Qxe5 Qxe5 15. Bxe5 Rxe5 16. cxd5 Bxf1 17. Kxf1 cxd5 18. Nc3 c6 19. Rc1 Rfe8 20. Bf3 Kf8 21. h4 Ke7 22. Na4 Kd6 23. Nc5 Rb8 24. Nd3 Re7 25. Rc5 Rb5 26.
Rxb5 cxb5 27. b4 Re8 28. Nc5 Ke5 29. Nxd7+ Kd4 30. Nf6 Rd8 31. Nxh7 Kc3 32. Ng5 Rd7 33. g4 Kxb4 34. h5 f6 35. Ne6 gxh5 36. gxh5 Ka3 37. Nf4 d4 38. Be4 Kxa2 39. h6 b4 40. h7 Rd8 41. Bd5+ b3 42. Bg8 d3 43. Nxd3 1-0

[Event "Early-Titled-Tuesday-Blitz-January-30-2024"]
[Site "Chess.com"]
[Date "2024.01.30"]
[Round "4"]
[White "eightbyeightchess"]
[Black "Martial2008"]
[Result "0-1"]
[WhiteElo "2434"]
[BlackElo "2684"]
[TimeControl "180+1"]
[EndTime "8:39:15 PST"]
[Termination "Martial2008 won on time"]

1. e4 e5 2. Nf3 Nc6 3. Bb5 a6 4.
Ba4 d6 5. d4 b5 6. Bb3 Nxd4 7.
Nxd4 exd4 8. c3 c5 9. cxd4 c4 10. Bc2 d5 11. O-O g6 12. exd5 Ne7 13. Bg5 Bg7 14.
Re1 f6 15. Qf3 fxg5 16. d6 Qxd6 17. Qxa8 O-O 18. Qa7 Bxd4 19. Qxe7 Qxe7 20. Rxe7 Bxb2 21. Nd2 Bxa1 22. Be4 Bd4 23. Bd5+ Kh8 24. Nf3 Bc5 25. Rc7 Bd6 26. Rc6 Be7 27. Rc7 Bf6 28. g3 Bg4 29.
Kg2 Bxf3+ 30. Bxf3 a5 0-1

[Event "Early-Titled-Tuesday-Blitz-January-30-2024"]
[Site "Chess.com"]
[Date "2024.01.30"]
[Round "4"]
[White "SantoBlue"]
[Black "Bilan_Danila"]
[Result "1-0"]
[WhiteElo "2950"]
[BlackElo "2621"]
[TimeControl "180+1"]
[EndTime "8:39:16 PST"]
[Termination "SantoBlue won on time"]

1. c4 e6 2. Nf3 d5 3. g3 Nf6 4.
Bg2 b6 5. O-O Bb7 6. cxd5 exd5 7. d4 Nbd7 8. Nc3 a6 9. Ne5 Bd6 10. Bf4 O-O 11. Qb3 Re8 12. Nxd7 Qxd7 13. Nxd5 Bxf4 14.
Nxf6+ gxf6 15. Bxb7 Rab8 16. Qf3 Qxd4 17. gxf4 Qxb2 18.
e3 a5 19. Kh1 f5 20. Rg1+ Kh8 21. Bd5 Qf6 22. Rad1 c5 23. a4 Rbc8 24. Bc4 Re4 25. Bd3 Ree8 26. Qh3 Qc6+ 27. Rg2 Rcd8 28. Qxf5 1-0

[Event "Early-Titled-Tuesday-Blitz-January-30-2024"]
[Site "Chess.com"]
[Date "2024.01.30"]
[Round "4"]
[White "shirovin"]
[Black "DenLaz"]
[Result "0-1"]
[WhiteElo "2053"]
[BlackElo "3059"]
[TimeControl "180+1"]
[EndTime "8:39:16 PST"]
[Termination "DenLaz won by resignation"]

1. e4 c5 2. Nf3 e6 3. d4 cxd4 4.
Nxd4 Nc6 5. Nc3 Qc7 6. Be3 a6 7. Be2 Nf6 8. O-O Be7 9. f4 d6 10. Kh1 O-O 11. Qe1 Bd7 12. Qg3 b5 13. a3 Rab8 14. Bd3 b4 15. Nd1 bxa3 16. bxa3 Na5 17. e5 Nd5 18. Bg1 Nc4 19. Qh3 g6 20. Nf3 dxe5 21.
fxe5 Nxe5 22. Nxe5 Qxe5 23. Nf2 Qg7 24. Bxa6 Nf4 25.
Qf3 Nd5 26. Bd3 f5 27. a4 Bc6 28. Qe2 Nf4 0-1